 Dungeon Crawl Stone Soup version 0.24-a0-584-g9d6b971ae4 (webtiles) character file.

Game seed: 15500611878431284573, levelgen mode: deterministic

88324 Dragon00 the Severer (level 15, -17/145 HPs)
             Began as a Minotaur Berserker on Aug 28, 2019.
             Was the Champion of Trog.
             Killed from afar by a storm dragon (35 damage)
             ... with a bolt of lightning
             ... on level 12 of the Dungeon on Sept 2, 2019.
             The game lasted 02:26:44 (27774 turns).

Dragon00 the Severer (Minotaur Berserker)          Turns: 27774, Time: 02:26:44

Health: -17/145    AC: 22    Str: 23    XL:     15   Next: 46%
Magic:  14/14      EV: 13    Int:  4    God:    Trog [******]
Gold:   2435       SH: 21    Dex: 21    Spells: 14/14 levels left

rFire    + + .     SeeInvis .   a - +2 war axe (venom)
rCold    + . .     Gourm    +   G - +0 large shield
rNeg     . . .     Faith    .   M - +1 plate armour
rPois    +         Spirit   .   D - +2 hat
rElec    .         Reflect  .   A - scarf {rC+ rF+}
rCorr    .         Harm     .   C - +2 pair of gloves
MR       +....                  (no boots)
Stlth    ..........             K - amulet of the gourmand
HPRegen  0.34/turn              i - ring of protection from fire
MPRegen  0.14/turn              v - ring "Wotiumicw" {rPois Dex+6}

@: very slightly contaminated, studying Dodging, invisible
A: retaliatory headbutt, horns 2
a: Berserk, Trog's Hand, Brothers in Arms, Renounce Religion


You were on level 12 of the Dungeon.
You worshipped Trog.
Trog was exalted by your worship.
You were completely stuffed.

You visited 4 branches of the dungeon, and saw 21 of its levels.
You also visited: Ice Cave.

You collected 3443 gold pieces.
You spent 1008 gold pieces at shops.

Inventory:

Hand Weapons
 a - a +2 war axe of venom (weapon)
 b - a +2 broad axe of freezing
 J - a +2 morningstar of draining
 Z - a +0 hunting sling of flaming
Missiles
 k - 218 sling bullets
 O - a javelin (quivered)
Armour
 A - a scarf of resistance (worn)
 C - a +2 pair of gloves (worn)
 D - a +2 hat (worn)
 G - a +0 large shield (worn)
 M - a +1 plate armour (worn)
 X - a +2 cloak
Jewellery
 i - a ring of protection from fire (left hand)
 q - the ring of the Mage {Wiz MR++ Int+3}
   (You found it on level 12 of the Dungeon)

   [ring of wizardry]

   It improves your spell success rate.
   It affects your intelligence (+3).
   It affects your resistance to hostile enchantments.
 v - the ring "Wotiumicw" (right hand) {rPois Dex+6}
   (You found it on level 12 of the Dungeon)

   [ring of dexterity]

   It affects your dexterity (+6).
   It protects you from poison.
 H - an uncursed ring of see invisible
 K - an amulet of the gourmand (around neck)
 S - an uncursed amulet of the acrobat
Wands
 e - a wand of digging (4)
 f - a wand of iceblast (9)
 l - a wand of enslavement (23)
 y - a wand of paralysis (30)
 B - a wand of flame (52)
 F - a wand of clouds (6)
 V - a wand of polymorph (10)
 W - a wand of scattershot (6)
Scrolls
 d - 13 scrolls of teleportation
 n - 3 scrolls of immolation
 t - 5 scrolls of noise
 u - 4 scrolls of fog
 w - a scroll of summoning
 x - a scroll of enchant armour
 I - 7 scrolls of fear
 L - 2 scrolls of magic mapping
 R - 3 scrolls of remove curse
 T - 4 scrolls of identify
 Y - a scroll of silence
Potions
 g - 5 potions of heal wounds
 h - a potion of invisibility
 j - 2 potions of might
 o - 6 potions of cancellation
 p - 8 potions of ambrosia
 r - 7 potions of curing
 s - a potion of lignification
 z - a potion of agility
 E - 2 potions of brilliance
 N - a potion of resistance
 P - 2 potions of flight
Books
 Q - a manual of Dodging
Comestibles
 c - 44 rations
 m - a chunk of flesh


   Skills:
 * Level 16.6 Fighting
 * Level 16.7 Axes
 + Level 12.1 Armour
 + Level 11.3 Dodging
 + Level 15.1 Shields


You had 14 spell levels left.
You didn't know any spells.
Your spell library was empty.

Dungeon Overview and Level Annotations

Branches:
Dungeon (12/15)            Temple (1/1) D:6            Lair (6/6) D:10
 Shoals (0/4) Lair:3       Spider (0/4) Lair:3        Slime (0/5) Lair:6
    Orc (2/2) D:10            Elf (0/3) Orc:2         IceCv (visited)

Altars:
Ashenzari
Cheibriados
Dithmenos
Elyvilon
Fedhas
Gozag
Hepliaklqana
Kikubaaqudgha
Makhleb
Nemelex Xobeh
Okawaru
Qazlal
Ru
Sif Muna
Trog
Uskayaw
Vehumet
Wu Jian
Xom
Yredelemnul
Zin
The Shining One
Beogh
Jiyva

Shops:
D:6 :   Orc:1 [?[??   Orc:2 (}*(:

Annotations:
D:7 1 runed translucent door, kroki's ghost, novice GnSk
Lair:6 1 runed translucent door


Innate Abilities, Weirdness & Mutations

You reflexively headbutt those who attack you in melee.
You have a pair of horns on your head.


Message History

* * * LOW HITPOINT WARNING * * *
The bolt of lightning hits the storm dragon.
The storm dragon completely resists.
You block the storm dragon's attack. x3
Press: ? - help, v - describe, . - travel
Here: a storm dragon (catching its breath)
The floor.
Okay, then.
Press: ? - help, v - describe, . - travel
Here: a storm dragon (catching its breath)
The floor.
Okay, then.
You fade into invisibility!
The storm dragon barely misses you. You furiously retaliate!
You headbutt the storm dragon, but do no damage.
The storm dragon closely misses you. You block the storm dragon's attack.
You are very lightly contaminated with residual magic.
There is an open door, spattered with blood here.
The storm dragon breathes lightning at you.
The bolt of lightning hits you!!
You die...

▓▓▓▓▓...................▓
▓▓▓▓▓▓▓▓▓...▓▓▓.....▓▓▓▓▓.....▓▓▓
........▓.....▓▓...▓▓...▓▓...▓▓..
........▓......▓...▓.....▓...▓...
........▓......▓▓..–...).–..▓▓...
........▓.......▓–▓▓.....▓▓–▓....
........▓.....D.▓).▓▓...▓▓..▓....
........▓...▓▓▓–▓...▓▓–▓▓...▓–▓▓▓
........▓.˚▓▓.▓.@...▓...▓.....▓.▓
........▓˚˚▓..▓...[.▓...▓.....▓..
........▓˚▓▓..▓▓...▓▓...▓▓...▓▓..
▓▓▓▓▓▓▓▓▓˚▓....▓▓▓▓▓.....▓▓▓▓▓...
*˚▓..†.–.............–.).
**▓▓▓▓▓▓▓▓▓▓▓▓▓▓▓▓▓▓▓▓▓▓▓
▓▓▓▓▓▓▓▓▓▓▓▓▓▓▓▓.................
.................................
..................(..............


You could see a storm dragon.

Vanquished Creatures
  A sphinx (D:12)
  A tengu reaver (D:12)
  A fire giant (D:12)
  Josephine (D:12)
  A yaktaur captain (D:12)
  Fannar (D:10)
  Harold (D:8)
  A deep elf high priest (D:12)
  4 hydras
  3 two-headed ogres
  A centaur warrior (D:9)
  Erica (D:9)
  A deep troll earth mage (D:12)
  Sonja (Lair:2)
  Nergalle (D:9)
  A fire crab (Lair:6)
  An obsidian statue (D:10)
  3 unseen horrors
  6 orc knights
  A necromancer (IceCv)
  A deep elf mage (D:12)
  2 wolf spiders
  3 orc sorcerers
  6 ugly things
  2 manticores
  5 cyclopes
  A moth of wrath (shapeshifter) (D:12)
  13 black mambas
  A guardian serpent (Lair:6)
  4 ice statues (IceCv)
  12 spiny frogs
  4 gargoyles
  3 komodo dragons
  A kobold demonologist (D:7)
  12 polar bears
  10 ice devils (IceCv)
  3 trolls
  A jumping spider (Lair:3)
  3 hornets
  27 blink frogs
  Prince Ribbit (D:8)
  3 raiju (Lair:6)
  7 hippogriffs
  3 redbacks (Lair:6)
  2 shadows (D:12)
  20 wyverns
  7 wraiths
  A vampire (D:12)
  Eustachio (D:5)
  26 yaks
  Grum (D:8)
  3 basilisks
  2 vampire mosquitoes (D:9)
  14 wargs
  An acid dragon (D:12)
  3 soldier ants
  18 water moccasins
  11 porcupines
  12 hell hounds (Lair:6)
  48 orc warriors
  12 ice beasts
  3 sky beasts
  15 black bears
  7 phantoms
  An eye of draining (D:9)
  6 centaurs
  36 wolves
  10 ogres
  14 crocodiles
  9 big kobolds
  A gnoll sergeant (D:10)
  19 bullfrogs
  A wyvern skeleton (D:12)
  5 scorpions
  5 killer bees
  2 electric eels (Lair:4)
  4 howler monkeys
  2 centaur zombies
  8 crimson imps
  3 draconian simulacra (IceCv)
  12 jellies
  A bullfrog zombie (D:10)
  A bullfrog skeleton (D:7)
  5 hounds
  22 orc priests
  A gnoll shaman (Orc:2)
  16 orc wizards
  An iguana (D:4)
  12 worker ants
  2 spriggan simulacra (IceCv)
  3 troll simulacra (IceCv)
  A centaur simulacrum (IceCv)
  A hound zombie (D:5)
  2 hound skeletons
  A worker ant zombie (D:6)
  9 adders
  10 gnolls
  An ogre simulacrum (IceCv)
  4 shadow imps
  2 adder skeletons
  2 adder zombies (D:9)
  A worm (D:3)
  A dart slug (D:1)
  11 leopard geckos
  108 orcs
  A ball python (D:2)
  6 bats
  2 giant cockroaches
  7 goblins
  13 hobgoblins
  5 jackals
  10 quokkas
  6 frilled lizards
  28 kobolds
  A leopard gecko zombie (D:6)
  A quokka skeleton (D:4)
  8 rats
  7 bushes (Lair:1)
  6 fungi
  12 plants
836 creatures vanquished.

Vanquished Creatures (collateral kills)
  An orange crystal statue (D:10)
1 creature vanquished.

Vanquished Creatures (others)
  A boggart (D:12)
  3 fungi (Lair:6)
  39 plants
43 creatures vanquished.

Grand Total: 880 creatures vanquished

Notes
Turn   | Place    | Note
-------+----------+-------------------------------------------
     0 | D:1      | Dragon00 the Minotaur Berserker began the quest for the
                  | Orb.
     0 | D:1      | Reached XP level 1. HP: 19/19 MP: 0/0
    89 | D:1      | Reached XP level 2. HP: 27/27 MP: 1/1
   707 | D:2      | Reached XP level 3. HP: 33/33 MP: 2/2
  1009 | D:2      | Reached ** piety under Trog
  1628 | D:3      | Reached skill level 1 in Shields
  1629 | D:3      | Reached XP level 4. HP: 11/41 MP: 3/3
  2021 | D:3      | Noticed a bullfrog
  2031 | D:3      | Killed a bullfrog
  2031 | D:3      | Reached XP level 5. HP: 41/47 MP: 4/4
  2075 | D:3      | Reached skill level 5 in Fighting
  2075 | D:3      | Reached skill level 5 in Axes
  2396 | D:3      | Found an ornate altar of the Wu Jian Council.
  2405 | D:3      | Found a hazy altar of Hepliaklqana.
  2416 | D:3      | Reached XP level 6. HP: 40/56 MP: 5/5
  3593 | D:5      | Entered Level 5 of the Dungeon
  3689 | D:4      | Reached XP level 7. HP: 62/62 MP: 6/6
  3846 | D:5      | Noticed Eustachio
  3905 | D:5      | Killed Eustachio
  4553 | D:6      | Reached skill level 5 in Shields
  4553 | D:6      | Reached XP level 8. HP: 71/71 MP: 7/7
  4689 | D:6      | Reached *** piety under Trog
  4694 | D:6      | Found a staircase to the Ecumenical Temple.
  4711 | Temple   | Entered the Ecumenical Temple
  5023 | D:6      | Found a shadowy altar of Dithmenos.
  5202 | D:6      | Reached skill level 5 in Armour
  5257 | D:6      | Found Geribbui's Book Shop.
  5524 | D:6      | Found a sacrificial altar of Ru.
  5623 | D:7      | Found a runed translucent door.
  5626 | D:7      | Noticed kroki's ghost (novice GnSk)
  5649 | D:7      | Noticed a hippogriff
  5682 | D:6      | Killed a hippogriff
  5821 | D:7      | Reached skill level 5 in Dodging
  5824 | D:7      | Reached XP level 9. HP: 81/81 MP: 8/8
  6169 | D:7      | Reached **** piety under Trog
  6341 | D:8      | Noticed a kobold demonologist
  6381 | D:7      | Killed a kobold demonologist
  6648 | D:8      | Noticed Harold
  6701 | D:7      | Received a gift from Trog
  6824 | D:8      | Killed Harold
  6828 | D:8      | Reached XP level 10. HP: 80/91 MP: 9/9
  6920 | D:8      | Noticed Grum
  6942 | D:8      | Killed Grum
  7168 | D:8      | Found a faded altar of an unknown god.
  7168 | D:8      | Found a faded altar of an unknown god.
  7329 | D:8      | Found a radiant altar of Vehumet.
  7331 | D:8      | Found an iron altar of Okawaru.
  7333 | D:8      | Found an opulent altar of Gozag.
  7732 | D:8      | Noticed Prince Ribbit
  7745 | D:8      | Killed Prince Ribbit
  7797 | D:8      | Reached skill level 10 in Fighting
  7802 | D:8      | Reached skill level 10 in Axes
  8337 | D:9      | Noticed a centaur warrior
  8350 | D:9      | Killed a centaur warrior
  8375 | D:9      | Noticed a two-headed ogre
  8385 | D:9      | Noticed a gargoyle
  8413 | D:9      | Killed a two-headed ogre
  8413 | D:9      | Reached skill level 10 in Shields
  8413 | D:9      | Reached XP level 11. HP: 101/101 MP: 10/10
  8652 | D:9      | Noticed Erica
  8664 | D:9      | Killed Erica
  8869 | D:9      | Killed an unseen horror
  9316 | D:9      | Upgraded the game from 0.24-a0-583-g87330a484a to
                  | 0.24-a0-584-g9d6b971ae4
  9975 | D:10     | Entered Level 10 of the Dungeon
  9975 | D:10     | Noticed Nergalle
  9982 | D:9      | Reached ***** piety under Trog
  9990 | D:9      | Killed Nergalle
  9990 | D:9      | Received a gift from Trog
 10221 | D:10     | Noticed an obsidian statue
 10251 | D:10     | Killed an obsidian statue
 10375 | D:10     | Noticed Fannar
 10392 | D:10     | Killed Fannar
 10492 | D:10     | Reached XP level 12. HP: 110/112 MP: 11/11
 10623 | D:10     | Found a roughly hewn altar of Beogh.
 10623 | D:10     | Found a staircase to the Orcish Mines.
 10654 | D:10     | Received a gift from Trog
 11348 | D:10     | Found a staircase to the Lair.
 11669 | D:10     | Lost intelligence.
 12969 | D:11     | Noticed an eight-headed hydra
 12976 | D:11     | Killed an eight-headed hydra
 12976 | D:11     | Received a gift from Trog
 13644 | Lair:1   | Entered Level 1 of the Lair of Beasts
 14460 | Lair:2   | Noticed Sonja
 14473 | Lair:2   | Killed Sonja
 15047 | Lair:2   | Reached XP level 13. HP: 119/122 MP: 12/12
 15824 | Lair:3   | Found a staircase to the Shoals.
 16134 | Lair:3   | Found a hole to the Spider Nest.
 16933 | Lair:4   | Reached skill level 10 in Armour
 18486 | Lair:5   | Received a gift from Trog
 18750 | Lair:6   | Entered Level 6 of the Lair of Beasts
 19135 | Lair:6   | Found a runed translucent door.
 19135 | Lair:6   | Found a viscous altar of Jiyva.
 19136 | Lair:6   | Found a staircase to the Slime Pits.
 19136 | Lair:6   | Noticed an azure jelly
 19136 | Lair:6   | Noticed an azure jelly
 19136 | Lair:6   | Noticed an azure jelly
 19533 | Lair:6   | Reached XP level 14. HP: 116/133 MP: 13/13
 19934 | Lair:6   | Received a gift from Trog
 20272 | Lair:6   | Reached skill level 15 in Axes
 20275 | Lair:6   | Reached skill level 15 in Fighting
 20275 | Lair:6   | Reached skill level 10 in Dodging
 21556 | Orc:1    | Entered Level 1 of the Orcish Mines
 21747 | Orc:1    | Found Nusoghue's Antique Armour Emporium.
 21972 | Orc:1    | Found Zuce's Magic Scroll Shoppe.
 21973 | Orc:1    | Found Suomazenurph's Antique Armour Shop.
 22233 | Orc:1    | Reached ****** piety under Trog
 22294 | Orc:1    | Found Opicoh's Magic Scroll Shop.
 22307 | Orc:1    | Found Yrajog's Magic Scroll Emporium.
 22580 | Orc:2    | Entered Level 2 of the Orcish Mines
 22589 | Orc:2    | Reached skill level 15 in Shields
 22905 | Orc:2    | Found Naelif's Book Shop.
 22922 | Orc:2    | Found a staircase to the Elven Halls.
 23025 | Orc:2    | Received a gift from Trog
 23495 | Orc:2    | Found Qonwenaf's Antique Weapon Shoppe.
 23495 | Orc:2    | Found Tunuif's Gadget Boutique.
 23629 | Orc:2    | Found a roughly hewn altar of Beogh.
 23642 | Orc:2    | Found Foesuj's General Store.
 23642 | Orc:2    | Found Aseaf's Weapon Boutique.
 24196 | Orc:1    | Bought a scroll of acquirement for 728 gold pieces
 24197 | Orc:1    | Got a brightly glowing jade amulet
 24199 | Orc:1    | Identified the amulet "Lodigianemm" {Faith rC+ Int+3} (You
                  | acquired it on level 1 of the Orcish Mines)
 24524 | D:12     | Found a frozen archway.
 24562 | IceCv    | Entered an ice cave
 24775 | IceCv    | Received a gift from Trog
 24959 | IceCv    | Reached XP level 15. HP: 119/144 MP: 14/14
 25551 | Orc:1    | Bought a scroll of brand weapon for 280 gold pieces
 25616 | D:12     | Noticed Josephine
 25626 | D:12     | Killed Josephine
 26471 | D:12     | Found the ring of the Mage {Wiz MR++ Int+3}
 26509 | D:12     | Noticed a fire giant
 26517 | D:12     | Killed a fire giant
 26674 | D:12     | Got a scintillating silver ring
 26675 | D:12     | Identified the ring "Wotiumicw" {rPois Dex+6} (You found it
                  | on level 12 of the Dungeon)
 26844 | D:12     | Received a gift from Trog
 26852 | D:12     | Noticed a sphinx
 26872 | D:12     | Killed a sphinx
 27430 | D:12     | Noticed a tengu reaver
 27454 | D:12     | Killed a tengu reaver
 27765 | D:12     | Noticed a storm dragon
 27774 | D:12     | Killed from afar by a storm dragon

Levels and vault maps discovered:
D:1:      tarquinn_simple_flora_water_d, layout_basic
D:2:      layout_basic, serial_bayou_lake_a
D:3:      layout_basic, overflow_temple_1_default, lemuel_round_altar,
          columned_hall_lemuel
D:4:      layout_gridville, minmay_misc_feat_plants
D:5:      layout_cave_pools, first_ration, uniq_eustachio
D:6:      layout_basic, grunt_dithmenos_smoke, nicolae_ru_the_path_less_chosen,
          minmay_temple_entry_drinking_statues, serial_shops,
          nicolae_shop_statue_plus, minmay_circle_x
D:7:      layout_gridville, gammafunk_ghost_grave
D:8:      layout_layer_cave, chequers_temple_overflow_minitemple, uniq_grum,
          uniq_harold, uniq_prince_ribbit1
D:9:      minmay_the_grid_square_5x5_4x4
          [minmay_the_grid_square_5x5_two_walls_a,
          minmay_the_grid_square_5x5_moneybag,
          minmay_the_grid_square_5x5_minivault,
          minmay_the_grid_square_5x5_fat_x, minmay_the_grid_square_5x5_dogpile,
          minmay_the_grid_square_5x5_prize_rear_guard,
          minmay_the_grid_square_5x5_prize_deathbox,
          minmay_the_grid_square_5x5_two_walls_b,
          minmay_the_grid_square_5x5_lines,
          minmay_the_grid_square_5x5_prize_gold,
          minmay_the_grid_square_5x5_prize_pseudospiral,
          minmay_the_grid_square_5x5_shrine2,
          minmay_the_grid_square_5x5_three_small,
          minmay_the_grid_square_5x5_two_small,
          minmay_the_grid_square_5x5_three_walls,
          minmay_the_grid_square_5x5_plus], layout_long_grid,
          blue_anna_alchemist [blue_anna_fruit_fields, blue_anna_fruit_fields],
          hangedman_corner_corridor, uniq_erica
D:10:     minmay_separated_statues, layout_basic,
          grunt_lair_entry_orc_guard_hut, david_orc_5, uniq_fannar,
          uniq_nergalle
D:11:     layout_stronghold
D:12:     minmay_box_of_curves, layout_long_grid,
          portal_ice_cave_entry_ice_beasts, uniq_josephine
Temple:   regret_index_temple_generic_petals
Lair:1:   layout_gridlike, minmay_hedge_maze, hibernation_bobbens,
          grunt_megastairs_4
Lair:2:   beast_lair_carwin_large_3, layout_regular_city, wad_woods_road_05,
          uniq_sonja
Lair:3:   layout_cave_pods, minmay_shoals_entry_centaurs,
          spider_nest_entry_rubble, beast_lair_carwin_9, lemuel_fruit_tree
Lair:4:   layout_gridlike, serial_bayou_shore_b, infiniplex_staircase_pool,
          grunt_megastairs_2
Lair:5:   layout_regular_city
Lair:6:   hangedman_lair_tendril_chambers, layout_concentric_octagons,
          hangedman_lair_caniforms_friends, slime_altar_2
Orc:1:    layout_caves, serial_shops, shop, nicolae_shop_waterfront,
          shop_scrolls, shop, shop
Orc:2:    st_orc_town, layout_diamond_mine, serial_shops,
          nicolae_shop_waterfront

Skill      XL: |  1  2  3  4  5  6  7  8  9 10 11 12 13 14 15 |
---------------+----------------------------------------------+-----
Axes           | 4 5 6 8 9 10 12 13 14 16 | 16.7
Fighting       | 4 5 6 8 9 10 12 13 14 16 | 16.6
Armour         | 3 4 5 6 7 8 9 10 11 12 | 12.1
Shields        | 1 2 3 5 6 8 10 11 12 14 15 | 15.1
Dodging        | 3 4 5 6 7 8 9 10 11 | 11.3

Action                   |  1- 3 |  4- 6 |  7- 9 | 10-12 | 13-15 || total
-------------------------+-------+-------+-------+-------+-------++-------
Melee: Hand axe          |    73 |    76 |       |       |       ||   149
       Headbutt          |    17 |    12 |    49 |   219 |   366 ||   663
       War axe           |       |    13 |   219 |   737 |  1261 ||  2230
       Morningstar       |       |       |       |     5 |    20 ||    25
 Fire: Hunting sling     |       |    25 |    46 |    13 |    13 ||    97
Throw: Stone             |     7 |     4 |     8 |       |    10 ||    29
       Javelin           |    19 |    14 |    13 |    49 |    55 ||   150
Invok: Trog's Hand       |     1 |     1 |     5 |    10 |     2 ||    19
       Berserk           |     1 |     2 |     4 |     2 |     3 ||    12
       Brothers in Arms  |       |       |       |     2 |       ||     2
Evoke: Wand              |       |       |       |       |     2 ||     2
  Use: Scroll            |       |     3 |    12 |    14 |    13 ||    42
       Potion            |       |       |       |     1 |     2 ||     3
  Eat: Ration            |     1 |       |     1 |     4 |       ||     6
       Chunk             |       |     8 |    15 |    29 |    46 ||    98
Armor: Animal skin       |     4 |       |       |       |       ||     4
       Ring mail         |     9 |    15 |       |       |       ||    24
       Chain mail        |       |    11 |    59 |       |       ||    70
       Plate armour      |       |       |    47 |   284 |   345 ||   676
Dodge: Dodged            |    24 |    34 |    71 |   227 |   357 ||   713
       Deflected         |       |       |     3 |    14 |       ||    17
Block: Shield            |     5 |    40 |   141 |   461 |   671 ||  1318
       Large shield      |       |       |       |       |    49 ||    49

Table legend:
 A = Non-vault XP
 B = Vault XP
 C = Vault XP percentage of total XP
 D = Non-vault monster count
 E = Vault monster count
 F = Vault count percentage of total count
                 A         B        C        D         E       F
            +---------+---------+-------+---------+---------+-------
      Total |   56665 |   69513 |  55.1 |     508 |     304 |  37.4
            +---------+---------+-------+---------+---------+-------
        D:1 |      35 |       0 |   0.0 |      20 |       0 |   0.0
        D:2 |      17 |       0 |   0.0 |      10 |       0 |   0.0
        D:3 |     363 |       0 |   0.0 |      35 |       0 |   0.0
        D:4 |     380 |       0 |   0.0 |      16 |       0 |   0.0
        D:5 |     279 |     202 |  42.0 |       9 |       1 |  10.0
        D:6 |    1060 |     169 |  13.8 |      21 |       2 |   8.7
        D:7 |    1675 |       0 |   0.0 |      41 |       0 |   0.0
        D:8 |    2244 |    1711 |  43.3 |      35 |       5 |  12.5
        D:9 |    2271 |    8471 |  78.9 |      27 |      40 |  59.7
       D:10 |    4268 |    3648 |  46.1 |      58 |      30 |  34.1
       D:11 |    4814 |       0 |   0.0 |      33 |       0 |   0.0
       D:12 |    5275 |   17214 |  76.5 |      26 |      30 |  53.6
     Lair:1 |    1399 |     433 |  23.6 |       8 |       1 |  11.1
     Lair:2 |    3474 |    2695 |  43.7 |      19 |      11 |  36.7
     Lair:3 |    3149 |     834 |  20.9 |      15 |       5 |  25.0
     Lair:4 |    5119 |     578 |  10.1 |      27 |       3 |  10.0
     Lair:5 |    4711 |       0 |   0.0 |      21 |       0 |   0.0
     Lair:6 |    9964 |   20722 |  67.5 |      35 |      92 |  72.4
      Orc:1 |    2478 |       0 |   0.0 |      35 |       0 |   0.0
      Orc:2 |    3690 |    6787 |  64.8 |      17 |      59 |  77.6
      IceCv |       0 |    6049 | 100.0 |       0 |      25 | 100.0
            +---------+---------+-------+---------+---------+-------
